 Dungeon Crawl Stone Soup version bcrawl-1.26.1 (webtiles) character file.

Game seed: 9043757082729176205

155323 Freyura the Cutter (level 2, -3/22 HPs)
             Began as a Vampire Gladiator on July 13, 2020.
             Was an Initiate of Ashenzari.
             Slain by a goblin
             ... wielding a +0 dagger
              (5 damage)
             ... on level 1 of the Dungeon.
             The game lasted 00:02:00 (314 turns).

Freyura the Cutter (Vampire Gladiator)               Turns: 314, Time: 00:02:01

Health: -3/22      AC:  4    Str: 17    XL:     2   Next: 86%
Magic:  2/2        EV: 17    Int:  8    God:    Ashenzari [......]
Gold:   29         SH:  0    Dex: 14    Spells: 1/1 levels left

rFire    . . .     SeeInvis +   a - +0 rapier (curse)
rCold    . . .     Gourm    .   (no shield)
rNeg     + . .     Faith    .   b - +0 leather armour
rPois    .         Spirit   .   c - +0 helmet (curse)
rElec    .         Reflect  .   (no cloak)
rCorr    .         Harm     .   (no gloves)
MR       .....                  (no boots)
Stlth    +++.......             (no amulet)
HPRegen  0.07/turn              e - +4 ring of evasion (curse)
MPRegen  0.08/turn              (no ring)

@: no status effects
A: claws 1, fangs 3, see invisible, unbreathing
a: Curse Item, Renounce Religion


You were on level 1 of the Dungeon.
You worshipped Ashenzari.
Ashenzari was noncommittal.
You were not thirsty.

You visited 1 branch of the dungeon, and saw 1 of its levels.

You collected 29 gold pieces.

Inventory:

Hand Weapons
 a - a cursed +0 rapier (weapon)
Missiles
 d - 3 throwing nets {=f}
Armour
 b - a +0 leather armour (worn)
 c - a cursed +0 helmet (worn)
Jewellery
 e - a cursed +4 ring of evasion (left claw)
Scrolls
 h - a scroll of teleportation {unknown}
Potions
 f - a potion of curing {unknown}
 g - a potion of degeneration {unknown}
 i - 2 potions of heal wounds {unknown}
 q - a potion of blood


   Skills:
 + Level 2.1 Fighting
 + Level 3.9 Short Blades
 - Level 1.5 Throwing
 + Level 3.5 Dodging
 * Level 2.5 Stealth


You had one spell level left.
You didn't know any spells.
Your spell library was empty.

Dungeon Overview and Level Annotations

Branches:
Dungeon (1/12)

Altars:
Ashenzari


Innate Abilities, Weirdness & Mutations

You have sharp fingernails.
You have razor-sharp teeth.
You have supernaturally acute eyesight. (SInv)
You can survive without breathing.


Message History

You kill the kobold!
The kobold misses you.
You barely miss the goblin. The kobold closely misses you.
The goblin hits you but does no damage.
You hit the goblin.
The goblin is moderately wounded.
The kobold hits you with a +0 short sword.
* * * LOW HITPOINT WARNING * * *
The goblin hits you with a +0 dagger.
* * * LOW HITPOINT WARNING * * *
You hit the goblin but do no damage. You bite the goblin, but do no damage.
The kobold closely misses you. The goblin barely misses you.
You closely miss the kobold. The kobold misses you.
The goblin hits you but does no damage.
You closely miss the kobold. The kobold hits you but does no damage.
The goblin barely misses you.
You hit the kobold.
You kill the kobold!
The goblin hits you with a +0 dagger.
You die...

......... ......#.. ###..([...#
......#.. .......=S+ ......#..
#.#...%..# # ......#..
##.#......# #.## .........
#?........####..# ........#
..##.........##....## ........#
............S##.#...# ........#
............gg@_..#.######.###.
.............)#.#...... ... ##
....###............#.#####. #.
..l ####.........#.## #.#### ..
#......†..#..# #....# .
#.........##.####....#
#..............##....#
#..............##.....
#..............###....


You could see 2 goblins and a ball python.

Vanquished Creatures
  2 dart slugs (D:1)
  A leopard gecko (D:1)
  3 goblins (D:1)
  3 hobgoblins (D:1)
  3 jackals (D:1)
  5 kobolds (D:1)
  2 rats (D:1)
19 creatures vanquished.

Notes
Turn   | Place    | Note
-------+----------+-------------------------------------------
     0 | D:1      | Freyura the Vampire Gladiator began the quest for the Orb.
     0 | D:1      | Reached XP level 1. HP: 16/16 MP: 1/1
    83 | D:1      | Reached skill level 1 in Stealth
    91 | D:1      | Reached XP level 2. HP: 11/22 MP: 2/2
   269 | D:1      | Found a shattered altar of Ashenzari.
   286 | D:1      | Became a worshipper of Ashenzari the Shackled
   314 | D:1      | Slain by a goblin

Skill      XL: |  1  2 |
---------------+-------+-----
Stealth        | 1 2 |  2.5
Fighting       | 2 |  2.1
Short Blades   | |  3.9
Throwing       | |  1.5
Dodging        | |  3.5

Action                   || total
-------------------------++-------
Melee: Rapier            ||    45
       Bite              ||     2
Invok: Curse Item        ||     3
 Stab: Sleeping          ||     2
Armor: Leather armour    ||     6
Dodge: Dodged            ||    61
